 Dungeon Crawl Stone Soup version 0.31.0-12-g77e489cdc1 (webtiles) character file.

Game seed: 14441972093800499704

27722 Peloso the Carver (level 13, 0/117 HPs)
             Began as a Minotaur Fighter on Feb 11, 2024.
             Was the Champion of Okawaru.
             Slain by a catoblepas (13 damage)
             ... while petrified by a catoblepas
             ... on level 3 of the Lair of Beasts.
             The game lasted 00:28:18 (14277 turns).

Peloso the Carver (Minotaur Fighter)               Turns: 14277, Time: 00:28:18

Health: 0/117      AC: 24    Str: 22    XL:     13   Next: 5%
Magic:  12/12      EV:  2    Int:  5    God:    Okawaru [******]
Gold:   727        SH:  0    Dex: 14    Spells: 12/12 levels left

rFire   . . .        c - +0 long sword (chaos)
rCold   + . .        d - +0 kite shield
rNeg    + + +        B - +1 plate armour {rC+}
rPois   ∞            (helmet restricted)
rElec   .            r - +1 cloak {rCorr}
rCorr   +            F - +0 pair of gloves
SInv    .            (no boots)
Will    .....        C - amulet of reflection Stlth
                     i - ring of flight
HPRegen 0.39/turn    E - +4 ring of protection
MPRegen 0.13/turn

%: reflection
@: petrified, flying
A: horns 2, retaliatory headbutt
a: Renounce Religion, Heroism, Finesse, Duel, Receive Weapon, Receive Armour


You were on level 3 of the Lair of Beasts.
You worshipped Okawaru.
Okawaru was exalted by your worship.
You visited 3 branches of the dungeon, and saw 16 of its levels.
You also visited: Ossuary.

You collected 951 gold pieces.
You spent 224 gold pieces at shops.

Inventory:

Hand Weapons
 a - a +0 scimitar of holy wrath
 b - a +0 hand axe of flaming
 c - a +0 long sword of chaos (weapon)
Armour
 d - a +0 kite shield (worn)
 r - a +1 cloak of preservation (worn)
 B - a +1 plate armour of cold resistance (worn)
 F - a +0 pair of gloves (worn)
 K - a +0 chain mail of willpower
Jewellery
 i - a ring of flight (left hand)
 C - an amulet of reflection (around neck)
 D - a ring of fire
 E - a +4 ring of protection (right hand)
 G - a ring of willpower
 J - the ring of Tyecw {Ice rN+ Int+2 Dex+2}
   (You found it on level 8 of the Dungeon)

   [ring of ice]

   Ice:       It enhances your ice magic.
   Int+2:     It affects your intelligence (+2).
   Dex+2:     It affects your dexterity (+2).
   rF-:       It makes you vulnerable to fire.
   rC+:       It protects you from cold.
   rN+:       It protects you from negative energy.
 R - a ring of resist corrosion
Talismans
 v - a granite talisman
Wands
 m - a wand of mindburst (16)
 q - a wand of flame (43)
 u - a wand of roots (26)
 O - a wand of quicksilver (5)
Scrolls
 e - 4 scrolls of brand weapon
 g - 3 scrolls of teleportation
 l - 3 scrolls of revelation
 p - 2 scrolls of blinking
 s - 2 scrolls of immolation
 t - 2 scrolls of enchant armour
 y - 3 scrolls of summoning {unknown}
 H - a scroll of fear
 I - 2 scrolls of amnesia
 L - 2 scrolls of fog
 N - 4 scrolls of poison
 S - a scroll of identify
Potions
 f - 2 potions of invisibility
 h - 2 potions of might
 j - 5 potions of heal wounds
 k - a potion of ambrosia
 n - a potion of resistance
 o - 3 potions of haste
 w - a potion of magic
 x - 2 potions of enlightenment
 z - a potion of cancellation
 A - 3 potions of mutation
 M - 2 potions of curing
Miscellaneous
 P - a condenser vane
 Q - a lightning rod (4/4)


   Skills:
 + Level 11.8 Fighting
 + Level 14.9 Long Blades
 + Level 0.2 Axes
 + Level 12.6 Armour
 + Level 2.7 Dodging
 + Level 2.4 Stealth
 + Level 14.4 Shields
 + Level 0.4 Invocations
 + Level 0.1 Evocations


You had 12 spell levels left.
You didn't know any spells.
Your spell library contained the following spells:

 Spells                   Type           Power      Damage    Failure   Level
 Apportation              Tloc           0%         N/A       100%        1
 Freeze                   Ice            0%         1d3       100%        1
 Dazzling Flash           Conj/Hex       0%         N/A       100%        3
 Frozen Ramparts          Ice            0%         1d1       100%        3
 Fugue of the Fallen      Necr           0%         N/A       100%        3
 Hailstorm                Conj/Ice       0%         3d5       100%        3
 Inner Flame              Hex/Fire       0%         N/A       100%        3
 Ozocubu's Armour         Ice            0%         N/A       100%        3
 Volatile Blastmotes      Fire/Tloc      0%         2d10      100%        3
 Flame Wave               Conj/Fire      0%         2d4       100%        4
 Manifold Assault         Tloc           0%         N/A       100%        4
 Passage of Golubria      Tloc           0%         N/A       100%        4
 Sticky Flame             Fire/Alch      0%         2d4       100%        4
 Vhi's Electric Charge    Tloc/Air       0%         N/A       100%        4
 Yara's Violent Unravell  Hex/Alch       0%         3d3       100%        5
 Dispersal                Tloc           0%         N/A       100%        6
 Starburst                Conj/Fire      0%         6d3       100%        6
 Disjunction              Tloc           0%         N/A       100%        8
 Maxwell's Capacitive Co  Air            0%         ∞         100%        8
 Tukima's Dance           Hex            Unusable   N/A       N/A         3

Dungeon Overview and Level Annotations

Branches:
Dungeon (11/15)            Temple (1/1) D:6            Lair (4/5) D:11
 Shoals (0/4) Lair:3        Snake (0/4) Lair:3          Orc (0/2) D:9
Ossuary (visited)
  Slime: Lair:4-5

Altars:
Ashenzari
Cheibriados
Dithmenos
Elyvilon
Fedhas
Gozag
Hepliaklqana
Kikubaaqudgha
Makhleb
Nemelex Xobeh
Okawaru
Qazlal
Ru
Sif Muna
Trog
Uskayaw
Vehumet
Wu Jian
Xom
Yredelemnul
Zin
The Shining One

Shops:
D:3 =   D:8 (   D:11 (((

Annotations:
D:10 1 runed translucent door, temujin's ghost, journeyman DjCj


Innate Abilities, Weirdness & Mutations

You have a pair of horns on your head.
You reflexively headbutt those who attack you in melee.


Message History

You hit the catoblepas. You burn the catoblepas.
The catoblepas is lightly wounded.
Unknown command.
You hit the catoblepas. You freeze the catoblepas.
You headbutt the catoblepas, but do no damage.
The catoblepas is lightly wounded.
The catoblepas breathes a plume of calcifying dust at you.
The blast of calcifying dust hits you but does no damage.
Unknown command.
You hit the catoblepas. You drain the catoblepas.
Your headbutt misses the catoblepas.
The catoblepas is lightly wounded.
You are engulfed in calcifying dust.
You are slowing down.
The catoblepas breathes a plume of calcifying dust at you.
The blast of calcifying dust hits you but does no damage.
You hit the catoblepas. You freeze the catoblepas. You headbutt the catoblepas!
The catoblepas is moderately wounded.
You are engulfed in calcifying dust.
Your limbs have turned to stone.
You block the catoblepas's attack.
You have turned to stone.
You are engulfed in calcifying dust.
The catoblepas gores you!!
You are engulfed in calcifying dust.
The catoblepas gores you.
* * * LOW HITPOINT WARNING * * *
You are engulfed in calcifying dust.
The catoblepas breathes a plume of calcifying dust at you.
The blast of calcifying dust hits you but does no damage.
You are engulfed in calcifying dust.
The catoblepas gores you!!
* * * LOW HITPOINT WARNING * * *
The catoblepas gores you!
* * * LOW HITPOINT WARNING * * *
The catoblepas breathes a plume of calcifying dust at you.
The blast of calcifying dust hits you but does no damage.
You are engulfed in calcifying dust.
The catoblepas gores you but does no damage.
You are engulfed in calcifying dust.
The catoblepas breathes a plume of calcifying dust at you.
The blast of calcifying dust hits you!
* * * LOW HITPOINT WARNING * * *
You are engulfed in calcifying dust.
The catoblepas gores you!!
You die...

#.#...?.### ###>.##
##.## ##....(.#
#....#####.#.#
###..###.####
###..).#...#†.#
##...###.#...#
#........>.#... ##....#
##..).##P...<..#†..#...
###..#.##
#..#.........#....##..
#.....##
#.#...####.......##...
...#P## #.#.Y###
####....#.... ..####
##...♣@.## #....#....
### #.#....§.##
##......... #
##.###..§.###...#......
# ###
#.#.§.....#...#...
###...♣...#####P..
.##........# ####
#...♣...♣..#
###.......## ##...♣...#
##


You could see a catoblepas (strong, drained).

Vanquished Creatures
  A hydra (D:10)
  A boulder beetle (D:11)
  2 centaur warriors (D:10)
  3 two-headed ogres
  A skyshark (Lair:3)
  A wolf spider (D:10)
  A manticore (D:11)
  4 black mambas
  9 cane toads
  2 rime drakes (Lair:2)
  5 komodo dragons
  2 trolls
  12 blink frogs
  A slime creature (D:10)
  3 wraiths
  4 wyverns
  2 shadows
  5 basilisks
  2 steam dragons (D:8)
  A warg (D:9)
  15 yaks
  A naga (D:11)
  Edmund (D:5)
  16 water moccasins
  6 orc warriors
  Duvessa (D:5)
  4 sky beasts
  5 black bears
  An ice beast (D:5)
  A crocodile (Lair:1)
  24 wolves
  2 phantoms (D:7)
  3 elf zombies (Ossuary)
  A kobold brigand (D:6)
  7 bullfrogs
  5 gnoll sergeants
  3 scorpions
  8 wights
  Dowan (D:5)
  6 killer bees (D:9)
  2 electric eels
  6 howler monkeys
  5 centaur zombies (Ossuary)
  A jelly (D:4)
  3 hounds
  3 human zombies (Ossuary)
  5 orc priests
  5 sleepcaps
  4 iguanas
  Ijyb (D:5)
  Terence (D:2)
  5 orc wizards
  3 mummies (Ossuary)
  Robin (D:2)
  20 gnolls
  14 adders
  A shadow imp (D:7)
  A white imp (D:5)
  An ufetubus (D:5)
  3 dart slugs
  A ribbon worm (D:3)
  25 orcs
  4 ball pythons
  6 endoplasms
  11 giant cockroaches
  16 hobgoblins
  3 jackals (D:1)
  8 kobolds
  4 quokkas
  5 bats
  4 frilled lizards
  12 goblins
  5 rats
362 creatures vanquished.

Vanquished Creatures (collateral kills)
  A gnoll (D:11)
1 creature vanquished.

Vanquished Creatures (others)
  A wolf (Lair:1)
  A gnoll (D:5)
2 creatures vanquished.

Grand Total: 365 creatures vanquished

Notes
Turn   | Place    | Note
-------+----------+-------------------------------------------
     0 | D:1      | Peloso the Minotaur Fighter began the quest for the Orb.
     0 | D:1      | Reached XP level 1. HP: 19/19 MP: 0/0
    87 | D:1      | Reached XP level 2. HP: 25/27 MP: 1/1
   797 | D:2      | Noticed Robin
   818 | D:2      | Reached XP level 3. HP: 20/33 MP: 2/2
   820 | D:2      | Killed Robin
  1014 | D:2      | Reached XP level 4. HP: 41/41 MP: 3/3
  1117 | D:2      | Noticed Terence
  1135 | D:2      | Killed Terence
  1418 | D:2      | Found a bloodstained altar of Trog.
  1901 | D:3      | Found Jojihith's One-of-a-Kind Rings.
  1929 | D:3      | Reached XP level 5. HP: 40/47 MP: 4/4
  1983 | D:3      | Reached skill level 5 in Fighting
  2341 | D:4      | Reached skill level 5 in Long Blades
  2433 | D:4      | Reached XP level 6. HP: 44/56 MP: 5/5
  2617 | D:4      | Got Golubria's Folio of Dislocation
  2915 | D:4      | Found a bloodstained altar of Trog.
  3123 | D:5      | Entered Level 5 of the Dungeon
  3170 | D:5      | Found a sand-covered staircase.
  3178 | Ossuary  | Entered an ossuary
  3241 | Ossuary  | Reached skill level 5 in Shields
  3241 | Ossuary  | Reached XP level 7. HP: 50/61 MP: 6/6
  3246 | Ossuary  | Reached skill level 5 in Armour
  3676 | D:5      | Noticed Ijyb
  3683 | D:5      | Killed Ijyb
  3686 | D:5      | Reached XP level 8. HP: 63/70 MP: 7/7
  4125 | D:5      | Noticed Duvessa
  4125 | D:5      | Noticed Dowan
  4133 | D:5      | Killed Duvessa
  4146 | D:5      | Killed Dowan
  4357 | D:5      | Noticed Edmund
  4368 | D:5      | Killed Edmund
  4933 | D:6      | Found a staircase to the Ecumenical Temple.
  4945 | Temple   | Entered the Ecumenical Temple
  4961 | Temple   | Became a worshipper of Warmaster Okawaru
  5118 | D:6      | Reached XP level 9. HP: 79/79 MP: 8/8
  5155 | D:6      | Reached skill level 10 in Long Blades
  5355 | D:6      | Found a broken altar of Ashenzari.
  5361 | D:6      | Found a burning altar of Makhleb.
  5361 | D:6      | Found a stormy altar of Qazlal.
  5365 | D:6      | Found an opulent altar of Gozag.
  5366 | D:6      | Found a white marble altar of Elyvilon.
  5501 | D:6      | Found a shimmering blue altar of Sif Muna.
  5543 | D:7      | Reached skill level 1 in Dodging
  5684 | D:7      | Reached * piety under Okawaru
  6430 | D:8      | Reached ** piety under Okawaru
  6526 | D:8      | Identified the ring of Tyecw {Ice rN+ Int+2 Dex+2}
  6746 | D:8      | Found Xemuv's Antique Weapon Shop.
  6754 | D:8      | Bought a runed scimitar for 224 gold pieces
  6872 | D:8      | Noticed a troll
  6891 | D:8      | Killed a troll
  6892 | D:8      | Reached XP level 10. HP: 90/90 MP: 9/9
  7164 | D:9      | Reached *** piety under Okawaru
  7332 | D:9      | Found a staircase to the Orcish Mines.
  7647 | D:9      | Found a sacrificial altar of Ru.
  7983 | D:10     | Entered Level 10 of the Dungeon
  8192 | D:10     | Found a runed translucent door.
  8193 | D:10     | Noticed temujin's ghost (journeyman DjCj)
  8194 | D:10     | Found a shimmering altar of Xom.
  8195 | D:10     | Noticed a +4 long sword of chaos
  8251 | D:10     | Noticed a wolf spider
  8259 | D:10     | Killed a wolf spider
  8260 | D:10     | Reached skill level 1 in Stealth
  8447 | D:10     | Found an ancient bone altar of Kikubaaqudgha.
  8464 | D:10     | Noticed a four-headed hydra
  8533 | D:10     | Reached **** piety under Okawaru
  8595 | D:11     | Noticed a two-headed ogre
  8606 | D:11     | Killed a two-headed ogre
  8711 | D:11     | Reached XP level 11. HP: 97/97 MP: 10/10
  8720 | D:11     | Reached skill level 10 in Shields
  8751 | D:11     | Found Sucratuf's Antique Weapon Shop.
  8849 | D:11     | Found Hask's Weapon Emporium.
  8957 | D:11     | Noticed a two-headed ogre
  8966 | D:11     | Killed a two-headed ogre
  8966 | D:11     | Reached ***** piety under Okawaru
  9315 | D:11     | Reached skill level 10 in Armour
  9385 | D:11     | Reached skill level 10 in Fighting
  9501 | D:11     | Found Porat's Antique Weapon Emporium.
  9513 | D:11     | Found a staircase to the Lair.
  9649 | D:11     | Noticed a boulder beetle
  9668 | D:11     | Killed a boulder beetle
 10059 | D:10     | Noticed a two-headed ogre
 10068 | D:10     | Killed a two-headed ogre
 10165 | D:10     | Noticed a centaur warrior
 10178 | D:10     | Killed a centaur warrior
 10252 | D:10     | Noticed a centaur warrior
 10264 | D:10     | Killed a centaur warrior
 10352 | D:10     | Found a sparkling altar of Nemelex Xobeh.
 10414 | D:10     | Killed a one-headed hydra
 10582 | Lair:1   | Entered Level 1 of the Lair of Beasts
 10874 | Lair:1   | Received a gift from Okawaru
 10875 | Lair:1   | Reached XP level 12. HP: 100/108 MP: 11/11
 12467 | Lair:2   | Received a gift from Okawaru
 12511 | Lair:2   | Identified the +5 spear of Heusayn {pain, Str+3}
 12817 | Lair:2   | Reached ****** piety under Okawaru
 12931 | Lair:2   | You are sucked into a shaft and drop 2 floors!
 13107 | Lair:3   | Found a staircase to the Snake Pit.
 13179 | Lair:3   | Found a staircase to the Shoals.
 13182 | Lair:3   | Identified the +5 hand axe "Peihud" {heavy, rPois Will+
                  | Int+3 Stlth-}
 13185 | Lair:3   | Identified the +0 ring mail of Opoy {rElec rPois}
 13337 | Lair:3   | Received a gift from Okawaru
 13690 | Lair:3   | Noticed a catoblepas
 13694 | Lair:3   | Found a white marble altar of Elyvilon.
 13768 | Lair:3   | Reached XP level 13. HP: 97/117 MP: 12/12
 14277 | Lair:3   | Slain by a catoblepas

Illustrated notes

Levels and vault maps discovered:
D:1:      minmay_arrival_up_and_down, layout_loops_ring
D:2:      minmay_roachtagon, layout_loops_ring, basic_altar, uniq_robin,
          uniq_terence
D:3:      layout_basic, nicolae_shop_unique_rings,
          nicolae_elevator_lobby_asterisk
D:4:      layout_loops_ring, trog_hazing_becter
D:5:      layout_loops_cross, nicolae_ossuary_entry_plus,
          minmay_misc_feat_columns, grunt_ministairs_4, kennysheep_crisscross,
          uniq_edmund, uniq_ijyb, uniq_duvessa
D:6:      layout_basic, mainiacjoe_overflow_six_doors_small, minitemple,
          minmay_temple_entry_sparse_star
D:7:      layout_cave_pools, minmay_misc_feat_tower, minmay_misc_feat_room,
          minmay_misc_feat_rows, hangedman_minor_gate_pass
D:8:      layout_gridville, serial_shops, kennysheep_mini,
          minmay_curled_crystal, nrook_pool_corridor, nicolae_figureground_pulse
D:9:      layout_loops_ring, mainiacjoe_overflow_alcove_4, david_orc_3
D:10:     minmay_blocky_corners, layout_rooms, mainiacjoe_overflow_catwalk,
          mainiacjoe_overflow_alcove_1, ebering_ghost_xom
D:11:     layout_basic, david_lair_shrubbed, serial_shops, nicolae_shop_crystal,
          shop, shop
Temple:   nicolae_temple_ecumenical_triangle
Lair:1:   layout_long_grid, minivault_24, st_stairs_6
Lair:2:   layout_hall_layers
Lair:3:   lemuel_reptile_caves, layout_layer_cave, shoals_dummy_entry,
          dummy_snake_entry, basic_altar, grunt_megastairs_4,
          serial_bayou_shore_b
Lair:4:   layout_long_grid, minmay_slime_entry_oklob_open,
          kennysheep_basilisk_garden, grunt_megastairs_3

Skill      XL: |  1  2  3  4  5  6  7  8  9 10 11 12 |
---------------+-------------------------------------+-----
Shields        | 4 5 6 8 9 11 14 | 14.4
Fighting       | 4 5 7 8 9 10 11 | 11.8
Long Blades    | 3 4 5 6 7 9 11 13 14 | 14.9
Armour         | 4 5 6 8 9 11 12 | 12.6
Dodging        | 1 2 |  2.7
Stealth        | 2 |  2.4
Axes           | |  0.2
Invocations    | |  0.4
Evocations     | |  0.1

Action                     |  1- 3 |  4- 6 |  7- 9 | 10-12 | 13-15 || total
---------------------------+-------+-------+-------+-------+-------++-------
  Melee: Long sword        |    95 |   161 |   416 |   736 |    54 ||  1462
         Headbutt          |    11 |    32 |    85 |   209 |    11 ||   348
         Scimitar          |       |       |     3 |   183 |       ||   186
         Hand axe          |       |       |       |     4 |       ||     4
 Invoke: Heroism           |       |       |       |     5 |       ||     5
  Evoke: Wand              |       |       |       |     1 |       ||     1
    Use: Scroll            |     1 |     8 |     9 |    10 |       ||    28
         Potion            |     1 |       |       |       |       ||     1
   Stab: Confused          |       |       |       |     4 |       ||     4
         Paralysed         |       |       |       |     4 |       ||     4
         Distracted        |       |       |       |     1 |     1 ||     2
         Petrifying        |       |       |       |     1 |       ||     1
 Armour: Scale mail        |    30 |       |       |       |       ||    30
         Plate armour      |    60 |   143 |   337 |   609 |    59 ||  1208
  Dodge: Dodged            |    40 |    48 |    95 |   182 |    11 ||   376
  Block: Buckler           |    27 |    52 |   143 |   132 |       ||   354
         Reflection        |       |       |     3 |     4 |       ||     7
         Kite shield       |       |       |       |   739 |    50 ||   789
